Map: Ephemeron LE

Players

ArTiM - Winner!

  • Race: Protoss Protoss
  • League: Platinum
  • Spawn Location: 11:00

LIQUIDDOER

  • Race: Protoss Protoss
  • League: Diamond
  • Spawn Location: 5:00

VOD

Have the link to the VOD?

Description

0 Workers for both at same moment :)
in the middle of game both players started from 0 probes,

Time

  • Played on: Jan. 4, 2020, 3:25 p.m.
  • Length: 8:03
Show
View Real Time Build Order
Export as new Build Order

ArTiM Protoss - Winner!

Build Orders: Oracle Opening 

Get SALT Encoding   

  12  0:01  Probe  
  13  0:21  Pylon  
  13  0:24  Probe  
  14  0:36  Probe  
  15  0:46  Gateway  
  15  0:48  Probe  
  16  0:53  Assimilator  
  16  1:00  Probe (Chrono Boost)  
  17  1:09  Assimilator  
  18  1:12  Probe (Chrono Boost)  
  18  1:18  Probe (Chrono Boost)  
  18  1:22  Gateway  
  19  1:27  Probe (Chrono Boost)  
  20  1:34  Cybernetics Core  
  20  1:36  Probe (Chrono Boost)  
  21  1:42  Probe  
  22  1:47  Pylon  
  22  2:00  Pylon  
  22  2:06  Probe  
  23  2:10  Adept x2  
  23  2:12  Warp Gate  
  27  2:21  Probe  
  28  2:38  Stargate  
  28  2:43  Gateway  
  28  2:57  Nexus  
  28  3:06  Shield Battery  
  28  3:08  Stalker x2 (Chrono Boost)  
  32  3:13  Pylon  
  32  3:21  Shield Battery  
  32  3:28  Oracle  
  35  3:44  Robotics Facility  
  34  4:11  Void Ray  
  36  4:19  Stalker  
  12  4:55  Pylon  
  12  5:03  Zealot  
  14  5:24  Nexus  
  8  7:14  Probe  
  10  7:44  Probe  
Show
View Real Time Build Order
Export as new Build Order

LIQUIDDOER Protoss 

Build Orders:  

Get SALT Encoding   

  12  0:01  Probe (Chrono Boost)  
  13  0:10  Probe (Chrono Boost)  
  14  0:15  Probe (Chrono Boost)  
  15  0:23  Pylon  
  15  0:41  Probe, Gateway  
  16  0:50  Assimilator  
  16  0:53  Probe  
  16  0:54  Assimilator  
  17  1:05  Probe  
  17  1:10  Pylon  
  18  1:17  Probe  
  19  1:28  Cybernetics Core  
  19  1:29  Probe (Chrono Boost)  
  20  1:41  Probe (Chrono Boost)  
  21  1:48  Probe (Chrono Boost)  
  22  1:55  Probe  
  22  2:00  Pylon  
  23  2:14  Warp Gate (Chrono Boost)  
  25  2:25  Robotics Facility  
  25  2:35  Robotics Facility  
  23  2:40  Pylon  
  23  2:44  Stalker  
  25  2:52  Pylon  
  25  3:14  Nexus  
  25  3:26  Immortal  
  25  3:27  Immortal  
  10  5:01  Probe  
  10  5:04  Probe  
  9  5:55  Probe (Chrono Boost)  
Tags
 
Add a new tag
Caveats
  • Supply blocks, unpowered buildings, or Contaminate may cause inaccurate times.
  • Supply counts are checked every 10 seconds.